 Dungeon Crawl Stone Soup version 0.31-a0-331-geda263fcf1 (webtiles) character file.

Game seed: 12768001642812623476

807 ytrimaz the Reanimator (level 7, -1/46 HPs)
             Began as a Mummy Necromancer on July 20, 2023.
             Slain by a gnoll
             ... wielding a +0 spear
             ... led by a gnoll bouda
              (5 damage)
             ... on level 5 of the Dungeon.
             The game lasted 00:06:42 (4042 turns).

ytrimaz the Reanimator (Mummy Necromancer)          Turns: 4042, Time: 00:06:43

Health: -1/46      AC:  4    Str: 11    XL:     7   Next: 60%
Magic:  3/16       EV:  6    Int: 23    God:
Gold:   69         SH:  0    Dex: 12    Spells: 6/19 levels left

rFire   + . .        f - +3 flail (heavy)
rCold   + . .        (no shield)
rNeg    + + +        e - +2 robe of the Rose {Contam rPois rF++ Regen+}
rPois   ∞            (no helmet)
rElec   .            (no cloak)
rCorr   .            (no gloves)
SInv    .            (no boots)
Will    .....        h - amulet of the acrobat
Stlth   ++           c - +6 ring of intelligence
HPRegen 1.07/turn    (no ring)
MPRegen 0.15/turn

%: acrobat, faith
@: acrobatic, held
A: cold resistance 1, negative energy resistance 3, torment resistance 2, heat
vulnerability 1, in touch with death 1, no potions, faith
a: no special abilities


You were on level 5 of the Dungeon.
You visited 1 branch of the dungeon, and saw 5 of its levels.
You also visited: Ossuary.

You collected 69 gold pieces.


Innate Abilities, Weirdness & Mutations

You are immune to poison.
Your flesh is cold resistant. (rC+)
You are immune to negative energy. (rN+++)
You are immune to unholy pain and torment.
You are vulnerable to heat. (rF-)
You are in touch with the powers of death.
You do not drink.
You have a special connection with the divine. (Faith)


   Skills:
 - Level 1.5 Dodging
 - Level 1.5 Stealth
 + Level 6.5 Spellcasting
 * Level 8.1 Necromancy


You had 6 spell levels left.
You knew the following spells:

 Your Spells              Type           Power      Damage    Failure   Level
a - Necrotise             Necr           100%       1d9       1%          1
b - Vampiric Draining     Necr           61%        2d10      1%          3
c - Animate Dead          Necr           61%        N/A       2%          4
d - Agony                 Necr           61%        N/A       8%          5

Your spell library contained the following spells:

 Spells                   Type           Power      Damage    Failure   Level
 Apportation              Tloc           14%        N/A       9%          1
 Summon Small Mammal      Summ           28%        N/A       9%          1
 Lesser Beckoning         Tloc           14%        N/A       12%         2
 Gell's Gravitas          Tloc           7%         N/A       24%         3
 Teleport Other           Tloc           7%         N/A       24%         3

Inventory:

Hand Weapons
 f - a +3 heavy flail (weapon)
   (You took it off Terence on level 2 of the Dungeon)
Armour
 a - a +0 robe
 e - the +2 robe of the Rose (worn) {Contam rPois rF++ Regen+}
   (You found it on level 2 of the Dungeon)

   rF:        It greatly protects you from fire.
   rPois:     It protects you from poison.
   Contam:    It causes magical contamination when unequipped.
   Regen:     It increases your rate of health regeneration.
Jewellery
 c - a +6 ring of intelligence (left hand)
   (You found it on level 2 of the Dungeon)
 h - an amulet of the acrobat (around neck)
   (You found it on level 4 of the Dungeon)
 l - an amulet of regeneration
   (You found it on level 5 of the Dungeon)
Wands
 b - a wand of iceblast (7)
   (You found it on level 5 of the Dungeon)
Scrolls
 d - 3 scrolls of teleportation
 g - 2 scrolls of immolation
 i - a scroll of identify
 j - 2 scrolls of enchant armour
 k - a scroll of enchant weapon

Dungeon Overview and Level Annotations

Branches:
Dungeon (5/15) Zot: 26232 Ossuary (visited)
 Temple: D:4-7

Altars:

..# #.# #.# #.#
###########.#
..........#.#
###.############.#.##
.........)g.@.......####
###.###....Zg..#.#.....#
# #.######.#.##.##.# ##Z
#)# #.#.##.##.#
###..g##g# #.#(##.##.#
.....g)gg# ##.#.##.##.#
###..g####
###....##.##.# ##.
#.........##.# #
##.#...######.#


You could see 2 gnolls and a friendly gnoll zombie.


Message History

😨 HP[+4] MP[-3]
You regained 4 hp, and now have 23/46 hp.
You lost 3 mp, and now have 2/16 mp.
You swap places.
The gnoll hits your gnoll zombie with a +0 spear! 😮 HP[+1]
Your gnoll zombie barely misses the gnoll.
The gnoll hits your gnoll zombie with a +0 spear. 😮 HP[+1]
Your gnoll zombie barely misses the gnoll.
The gnoll barely misses your gnoll zombie. 😮 HP[+1] MP[+1]
Something hits your gnoll zombie.
Your gnoll zombie is destroyed! 😮 HP[+1] 😮 HP[+1] 😮 HP[+1]
The gnoll completely misses your orc zombie. 😮 HP[+2]
You regained 2 hp, and now have 31/46 hp.
Your orc zombie hits the gnoll but does no damage.
The gnoll hits your orc zombie with a +0 spear!
Your orc zombie is destroyed! 😮 HP[+1] 😮 HP[+1] MP[+1] 😮 HP[+1]
The gnoll completely misses you. 😕 HP[+1]
Casting: Vampiric Draining (safe; 1% risk of failure)
Confirm with . or Enter, or press ? or * to list all spells.
Aiming: Vampiric Draining (safe; 1% risk of failure)
Press: ? - help, Shift-Dir - straight line, f - gnoll
Aim: a gnoll, wielding a +0 spear (severely wounded)
You feel a surge of power!
You draw life force from the gnoll!
You kill the gnoll!
You feel life coursing into your body.
The dead are walking! 😕 HP[+2] MP[-3]
You regained 2 hp, and now have 37/46 hp.
You lost 3 mp, and now have 1/16 mp.
The gnoll attacks as you move away! The gnoll closely misses you.
Your reaping aura is weakening. 😕 HP[+1]
Your gnoll zombie closely misses the gnoll. 😕 HP[+1]
You closely miss the gnoll. The gnoll hits you but does no damage.
The gnoll hits you with a +0 whip.
The gnoll throws a throwing net.
The throwing net hits you.
You become entangled in the net!
Your gnoll zombie completely misses the gnoll.
The gnoll hits you with a +0 whip. 😮 HP[-8] MP[+1]
You take 8 damage, and now have 31/46 hp.
You struggle against the net.
The gnoll barely misses you.
Your gnoll zombie closely misses the gnoll.
The gnoll closely misses you. 😮 HP[+1]
You struggle against the net.
The gnoll hits you from afar with a +0 spear.
The gnoll closely misses you. 😮 HP[-4]
You take 4 damage, and now have 28/46 hp.
Unknown command.
You struggle against the net.
Your reaping aura expires.
Your gnoll zombie barely misses the gnoll.
The gnoll hits you from afar with a +0 spear.
* * * LOW HITPOINT WARNING * * *
The gnoll hits you with a +0 whip!
* * * LOW HITPOINT WARNING * * *
😨 HP[-12]
You take 12 damage, and now have 16/46 hp.
MASSIVE DAMAGE!! (PAUSE)
You struggle against the net.
The gnoll hits you from afar with a +0 spear!
* * * LOW HITPOINT WARNING * * *
Your gnoll zombie closely misses the gnoll.
The gnoll hits you with a +0 whip.
* * * LOW HITPOINT WARNING * * *
😱 HP[-7]
You take 7 damage, and now have 9/46 hp.
You rip the net and break free!
The gnoll throws a throwing net.
The throwing net hits you.
You become entangled in the net!
Your gnoll zombie hits the gnoll but does no damage.
The gnoll hits you with a +0 whip.
* * * LOW HITPOINT WARNING * * *
😱 HP[-3]
You take 3 damage, and now have 6/46 hp.
You struggle against the net.
The gnoll hits you from afar with a +0 spear.
* * * LOW HITPOINT WARNING * * *
Your gnoll zombie hits the gnoll.
The gnoll hits you but does no damage. 😱 HP[-4]
You take 4 damage, and now have 2/46 hp.
You struggle against the net.
The gnoll barely misses you. x2 😱 HP[+1] MP[+1] Unknown command.
Your gnoll zombie barely misses the gnoll.
The gnoll hits you from afar with a +0 spear.
You die...

Skill      XL: |  1  2  3  4  5  6  7 |
---------------+----------------------+-----
Spellcasting   | 3 4 5 6 |  6.5
Necromancy     | 5 6 7 8 |  8.1
Dodging        | |  1.5
Stealth        | |  1.5

Action                     |  1- 3 |  4- 6 |  7- 9 || total
---------------------------+-------+-------+-------++-------
  Melee: Unarmed           |    20 |    10 |       ||    30
         Flail             |       |    79 |    43 ||   122
         Punch             |       |     2 |       ||     2
   Cast: Necrotise         |    56 |    59 |    21 ||   136
         Vampiric Draining |       |     1 |     7 ||     8
         Animate Dead      |       |     1 |     1 ||     2
         Agony             |       |       |     1 ||     1
    Use: Scroll            |       |       |     5 ||     5
   Stab: Sleeping          |       |       |     1 ||     1
 Armour: Robe              |     7 |    63 |    18 ||    88
  Dodge: Dodged            |    21 |   143 |    78 ||   242

Levels and vault maps discovered:
D:1:      ebering_trefoil_twist, layout_loops_ring
D:2:      layout_loops_cross, shapermc_ecumenical_altar_petra, uniq_terence,
          uniq_jessica
D:3:      layout_basic, mainiacjoe_overflow_24_doors
D:4:      layout_basic, enter_ossuary_1
D:5:      black_bear_nest_1, layout_loops_ring, supply_closet_lemuel

Notes
Turn   | Place    | Note
-------+----------+-------------------------------------------
     0 | D:1      | ytrimaz the Mummy Necromancer began the quest for the Orb.
     0 | D:1      | Reached XP level 1. HP: 13/13 MP: 4/4
     0 | D:1      | magus.rc [v1.9.6]
   137 | D:1      | Reached skill level 3 in Spellcasting
   139 | D:1      | Reached XP level 2. HP: 6/19 MP: 1/6
   146 | D:1      | HP: 3/19 [hobgoblin (3)]
   900 | D:2      | Gained mutation: You are in touch with the powers of death.
                  | [Mummy growth]
   900 | D:2      | Reached XP level 3. HP: 24/24 MP: 5/7
  1003 | D:2      | Identified the +2 robe of the Rose {Contam rPois rF++
                  | Regen+}
  1116 | D:2      | Noticed Terence
  1126 | D:2      | Killed Terence
  1127 | D:2      | Reached skill level 5 in Necromancy
  1139 | D:2      | Learned a level 3 spell: Vampiric Draining
  1172 | D:2      | You pick up a book of Displacement and begin reading...
  1172 | D:2      | You add the spells Lesser Beckoning, Gell's Gravitas and
                  | Teleport Other to your library.
  1364 | D:2      | Noticed Jessica
  1367 | D:2      | Killed Jessica
  1368 | D:2      | Reached skill level 4 in Spellcasting
  1368 | D:2      | Reached XP level 4. HP: 30/30 MP: 6/10
  1626 | D:2      | Found a faded altar of an unknown god.
  1977 | D:3      | You pick up a book of Cantrips and begin reading...
  1977 | D:3      | You add the spells Summon Small Mammal and Apportation to
                  | your library.
  2164 | D:3      | magus.rc [v1.9.6]
  2881 | D:4      | Learned a level 4 spell: Animate Dead
  2885 | D:4      | Reached XP level 5. HP: 35/35 MP: 7/11
  2921 | D:4      | Noticed an ogre
  2968 | D:3      | HP: 8/35 [orc wizard/magic dart (6)]
  2994 | D:3      | Reached skill level 6 in Necromancy
  3102 | D:4      | Reached skill level 5 in Spellcasting
  3102 | D:4      | Reached XP level 6. HP: 21/41 MP: 1/13
  3142 | D:4      | Found a sand-covered staircase.
  3151 | Ossuary  | Entered an ossuary
  3321 | Ossuary  | Reached skill level 7 in Necromancy
  3370 | Ossuary  | Reached XP level 7. HP: 42/46 MP: 15/15
  3482 | D:4      | Reached skill level 6 in Spellcasting
  3498 | D:4      | Learned a level 5 spell: Agony
  3531 | D:4      | HP: 10/46 [ogre/+0 giant spiked club (36)]
  3875 | D:5      | Entered Level 5 of the Dungeon
  4010 | D:5      | Reached skill level 8 in Necromancy
  4038 | D:5      | HP: 11/46 [gnoll/+0 spear[a gnoll bouda] (7)]
  4040 | D:5      | HP: 2/46 [gnoll/+0 spear[a gnoll bouda] (5)]
  4042 | D:5      | Slain by a gnoll

Vanquished Creatures
  An ogre (D:4)
  2 scorpions (D:4)
  A howler monkey (D:4)
  A human zombie (Ossuary)
  5 centaur zombies (Ossuary)
  An orc priest (D:4)
  A gnoll bouda (D:5)
  Jessica (D:2)
  Terence (D:2)
  An orc wizard (D:3)
  2 mummies (Ossuary)
  4 adders
  6 gnolls
  A white imp (D:5)
  An adder zombie (Ossuary)
  2 worms (D:2)
  3 dart slugs
  3 orcs
  4 bats
  5 endoplasms
  5 giant cockroaches
  7 goblins
  4 hobgoblins
  5 quokkas
  6 ball pythons
  5 frilled lizards
  7 hobgoblin zombies (Ossuary)
  2 jackal zombies (Ossuary)
  5 kobolds
  10 kobold zombies (Ossuary)
  9 orc zombies (Ossuary)
  2 rats
  2 rat zombies (Ossuary)
115 creatures vanquished.

Vanquished Creatures (collateral kills)
  2 dart slugs
  An endoplasm (D:1)
  A goblin (D:2)
  A hobgoblin (D:4)
  A ball python (D:1)
  A frilled lizard (D:2)
7 creatures vanquished.

Vanquished Creatures (others)
  2 gnoll zombies (D:5)
  An orc zombie (D:5)
3 creatures vanquished.

Grand Total: 125 creatures vanquished

Table legend:
 A = Non-vault XP
 B = Vault XP
 C = Vault XP percentage of total XP
 D = Non-vault monster count
 E = Vault monster count
 F = Vault count percentage of total count
                 A         B        C        D         E       F
            +---------+---------+-------+---------+---------+-------
      Total |     731 |     423 |  36.7 |      81 |      41 |  33.6
            +---------+---------+-------+---------+---------+-------
        D:1 |      36 |       0 |   0.0 |      20 |       0 |   0.0
        D:2 |      43 |      73 |  62.9 |      20 |       2 |   9.1
        D:3 |      74 |       0 |   0.0 |      14 |       0 |   0.0
        D:4 |     466 |       0 |   0.0 |      20 |       0 |   0.0
        D:5 |     112 |       0 |   0.0 |       7 |       0 |   0.0
    Ossuary |       0 |     350 | 100.0 |       0 |      39 | 100.0
            +---------+---------+-------+---------+---------+-------

Skill      XL: |  1  2  3  4  5  6  7 |
---------------+----------------------+-----
Spellcasting   | 3 4 5 6 |  6.5
Necromancy     | 5 6 7 8 |  8.1
Dodging        | |  1.5
Stealth        | |  1.5

Action                     |  1- 3 |  4- 6 |  7- 9 || total
---------------------------+-------+-------+-------++-------
  Melee: Unarmed           |    20 |    10 |       ||    30
         Flail             |       |    79 |    43 ||   122
         Punch             |       |     2 |       ||     2
   Cast: Necrotise         |    56 |    59 |    21 ||   136
         Vampiric Draining |       |     1 |     7 ||     8
         Animate Dead      |       |     1 |     1 ||     2
         Agony             |       |       |     1 ||     1
    Use: Scroll            |       |       |     5 ||     5
   Stab: Sleeping          |       |       |     1 ||     1
 Armour: Robe              |     7 |    63 |    18 ||    88
  Dodge: Dodged            |    21 |   143 |    78 ||   242

Illustrated notes

Table legend:
 A = Kills in this place as a percentage of kills in the entire game.
 B = Kills by you in this place as a percentage of kills by you in the entire game.
 C = Kills by friends in this place as a percentage of kills by friends in the entire game.
 D = Other kills in this place as a percentage of other kills in the entire game.
 E = Experience gained in this place as a percentage of experience gained in the entire game.
 F = Experience gained in this place divided by the number of levels of this place that you have seen.
                   A       B       C       D       E      F
               +-------+-------+-------+-------+-------+----------------------
         Total | 100.0 | 100.0 | 100.0 |   N/A | 100.0 | 192.3
       Dungeon |  68.0 |  66.1 | 100.0 |   N/A |  69.7 | 160.8
       Ossuary |  32.0 |  33.9 |   0.0 |   N/A |  30.3 | 350.0
               +-------+-------+-------+-------+-------+----------------------

Table legend: (Time is in decaauts)
 A = Elapsed time spent in this place.
 B = Non-inter-level travel time spent in this place.
 C = Inter-level travel time spent in this place.
 D = Time resting spent in this place.
 E = Time spent auto-exploring this place.
 F = Levels seen in this place.
 G = Mean time per level.
                   A        B        C        D        E       F      G
               +--------+--------+--------+--------+--------+-----+--------+
         Total |   4181 |   4066 |    115 |      5 |   3142 |   6 |  696.8 |
       Dungeon |   3766 |   3651 |    115 |      5 |   3001 |   5 |  753.2 |
       Ossuary |    414 |    414 |      0 |      0 |    141 |   1 |  414.0 |
               +--------+--------+--------+--------+--------+-----+--------+

Top non-repeatable levels by time:
     D:3: 1212 daAuts
     D:2: 997 daAuts
     D:1: 779 daAuts
     D:4: 595 daAuts
 Ossuary: 414 daAuts
     D:5: 182 daAuts
